[ PARTIDA AOE2 · #482805191 ]
1v1 RMJaponeses vs Lithuanians
Equipo del jugador · DERR
Equipo rival · VICT
[ ANÁLISIS DE REPETICIÓN · EXTRAÍDO DE LA PARTIDA GRABADA ]
Feudal
10:01
Castillos
20:21
Imperial
—
| APM promedio | 36.4 |
| APM pico | 69 |
| eAPM promedio | 10.7 |
| Aldeanos / militares | 38 / 18 |
Foco
⚔️ 18.9% · 🌾 81.1%
Militia ×7 · Archer ×5 · Cavalry Archer ×4 · Knight ×2
Feudal
10:50
Castillos
24:19
Imperial
—
| APM promedio | 46.0 |
| APM pico | 117 |
| eAPM promedio | 15.3 |
| Aldeanos / militares | 35 / 27 |
Foco
⚔️ 35.3% · 🌾 64.7%
Militia ×14 · Skirmisher ×6 · Archer ×4 · Knight ×2 · Spearman ×1
Mapa de la partida
Recursos al inicio + cada clic de construcción. Línea gruesa = muro · recuadro discontinuo = muro de casas detectado. 🟡 oro · ⚪ piedra · 🟢 bayas · 🔶 jabalí · ⭕ reliquia
Inputs por minuto
— 大哈巴犬 - - JoseTezcaltlipoca
Build order — 大哈巴犬
104 acciones detectadas en el replay
| 0:02 | Crear | Villager (Male) |
| 0:02 | Crear | Villager (Male) |
| 0:03 | Crear | Villager (Male) |
| 0:03 | Crear | Villager (Male) |
| 0:03 | Crear | Villager (Male) |
| 0:03 | Crear | Villager (Male) |
| 0:06 | Construir | House |
| 0:08 | Construir | House |
| 1:13 | Investigar | Loom |
| 1:31 | Crear | Villager (Male) |
| 1:32 | Crear | Villager (Male) |
| 2:21 | Crear | Villager (Male) |
| 2:21 | Crear | Villager (Male) |
| 3:03 | Construir | Lumber Camp |
| 3:06 | Crear | Villager (Male) |
| 3:06 | Crear | Villager (Male) |
| 3:11 | Construir | House |
| 3:15 | Construir | House |
| 3:18 | Construir | House |
| 3:23 | Crear | Villager (Male) |
| 4:20 | Crear | Villager (Male) |
| 4:21 | Crear | Villager (Male) |
| 4:21 | Crear | Villager (Male) |
| 4:58 | Crear | Villager (Male) |
| 4:59 | Crear | Villager (Male) |
| 5:25 | Construir | Mill |
| 6:17 | Crear | Villager (Male) |
| 6:33 | Crear | Villager (Male) |
| 6:47 | Crear | Villager (Male) |
| 7:16 | Crear | Villager (Male) |
| 7:29 | Construir | Mill |
| 7:51 | Investigar | Feudal Age |
| 8:02 | Construir | Barracks |
| 8:26 | Crear | Villager (Male) |
| 8:26 | Crear | Villager (Male) |
| 8:50 | Construir | Mining Camp |
| 9:04 | Crear | Militia |
| 9:04 | Crear | Militia |
| 9:08 | Construir | House |
| 9:16 | Construir | House |
| 9:17 | Construir | House |
| 9:21 | Crear | Militia |
| 9:35 | Crear | Militia |
| 10:01 | Edad | Edad Feudal |
| 10:18 | Investigar | Man-at-Arms (upgrade) |
| 10:44 | Crear | Villager (Male) |
| 11:08 | Crear | Militia |
| 11:15 | Construir | Archery Range |
| 11:28 | Crear | Villager (Male) |
| 11:56 | Construir | Farm |
| 11:57 | Crear | Villager (Male) |
| 11:57 | Crear | Villager (Male) |
| 12:48 | Construir | Farm |
| 12:50 | Crear | Villager (Male) |
| 13:14 | Construir | Blacksmith |
| 14:06 | Construir | House |
| 14:12 | Investigar | Horse Collar |
| 14:15 | Construir | Farm |
| 14:40 | Crear | Archer |
| 14:40 | Crear | Archer |
| 14:41 | Crear | Archer |
| 14:48 | Construir | House |
| 14:50 | Construir | House |
| 16:52 | Construir | Stone Wall |
| 17:14 | Crear | Militia |
| 17:20 | Crear | Archer |
| 17:20 | Crear | Archer |
| 17:30 | Construir | Mining Camp |
| 17:41 | Investigar | Castle Age |
| 17:59 | Construir | Stone Wall |
| 18:08 | Construir | Building 665 |
| 18:15 | Crear | Militia |
| 18:25 | Investigar | Double-Bit Axe |
| 18:39 | Construir | Stone Wall |
| 18:48 | Construir | Farm |
| 18:51 | Construir | Farm |
| 18:53 | Construir | Farm |
| 18:59 | Construir | Farm |
| 19:02 | Construir | Farm |
| 19:04 | Construir | Farm |
| 20:14 | Construir | Stable |
| 20:16 | Construir | House |
| 20:18 | Construir | House |
| 20:21 | Edad | Edad de los Castillos |
| 20:31 | Crear | Cavalry Archer |
| 20:31 | Crear | Cavalry Archer |
| 20:32 | Crear | Cavalry Archer |
| 20:33 | Crear | Villager (Male) |
| 20:33 | Crear | Villager (Male) |
| 21:30 | Crear | Cavalry Archer |
| 22:45 | Crear | Villager (Male) |
| 22:45 | Crear | Villager (Male) |
| 22:59 | Construir | Stone Wall |
| 23:07 | Construir | Building 490 |
| 23:19 | Crear | Villager (Male) |
| 23:38 | Investigar | Husbandry |
| 23:46 | Crear | Villager (Male) |
| 23:46 | Crear | Villager (Male) |
| 23:57 | Construir | Town Center |
| 24:32 | Construir | Town Center |
| 24:40 | Crear | Villager (Male) |
| 24:41 | Crear | Villager (Male) |
| 25:03 | Crear | Knight |
| 25:03 | Crear | Knight |
Build order — JoseTezcaltlipoca
104 acciones detectadas en el replay
| 0:02 | Investigar | Loom |
| 0:03 | Crear | Villager (Male) ×5 |
| 0:07 | Construir | House |
| 0:08 | Construir | House |
| 0:18 | Crear | Villager (Male) |
| 1:48 | Crear | Villager (Male) |
| 3:02 | Construir | Lumber Camp |
| 3:29 | Crear | Villager (Male) |
| 3:39 | Construir | House |
| 3:41 | Construir | House |
| 3:43 | Construir | House |
| 4:05 | Crear | Villager (Male) ×5 |
| 4:06 | Crear | Villager (Male) |
| 5:43 | Crear | Villager (Male) ×5 |
| 5:44 | Crear | Villager (Male) |
| 6:46 | Crear | Villager (Male) |
| 7:04 | Construir | Mill |
| 8:15 | Construir | Lumber Camp |
| 8:33 | Investigar | Feudal Age |
| 8:33 | Investigar | Feudal Age |
| 8:34 | Crear | Villager (Male) |
| 8:52 | Construir | House |
| 8:53 | Construir | House |
| 8:57 | Construir | Barracks |
| 10:22 | Crear | Villager (Male) ×5 |
| 10:33 | Crear | Villager (Male) |
| 10:50 | Edad | Edad Feudal |
| 10:59 | Construir | Blacksmith |
| 11:04 | Construir | Market |
| 11:30 | Crear | Villager (Male) |
| 12:05 | Construir | Mining Camp |
| 12:34 | Investigar | Man-at-Arms (upgrade) |
| 12:34 | Crear | Militia |
| 12:43 | Construir | Lumber Camp |
| 13:20 | Construir | Market |
| 13:29 | Investigar | Forging |
| 13:30 | Investigar | Scale Mail Armor |
| 13:38 | Construir | Barracks |
| 13:47 | Construir | Mining Camp |
| 14:16 | Crear | Militia |
| 14:16 | Crear | Militia |
| 14:17 | Crear | Militia |
| 14:17 | Crear | Militia |
| 14:38 | Crear | Militia |
| 14:38 | Crear | Militia |
| 14:38 | Crear | Militia |
| 14:39 | Crear | Spearman |
| 14:56 | Construir | Farm |
| 15:10 | Construir | Farm |
| 16:12 | Construir | Farm |
| 16:12 | Construir | Farm |
| 16:12 | Construir | Farm |
| 16:12 | Construir | Farm |
| 16:12 | Construir | Farm |
| 16:13 | Construir | Farm |
| 16:13 | Construir | Farm |
| 16:20 | Construir | House |
| 17:14 | Construir | Farm |
| 17:15 | Crear | Villager (Male) |
| 17:16 | Crear | Villager (Male) |
| 17:22 | Construir | House |
| 17:24 | Construir | House |
| 17:42 | Construir | Farm |
| 17:50 | Construir | House |
| 18:08 | Construir | Stable |
| 18:10 | Construir | Stable |
| 18:17 | Crear | Militia |
| 18:17 | Crear | Militia |
| 18:18 | Investigar | Arson |
| 18:31 | Crear | Villager (Male) |
| 18:33 | Crear | Villager (Male) |
| 19:00 | Construir | Farm |
| 19:05 | Investigar | Double-Bit Axe |
| 19:43 | Construir | Archery Range |
| 19:46 | Construir | House |
| 19:53 | Crear | Villager (Male) |
| 19:58 | Construir | Mill |
| 20:10 | Investigar | Town Watch |
| 20:12 | Crear | Villager (Male) |
| 21:39 | Investigar | Castle Age |
| 22:20 | Crear | Skirmisher |
| 22:20 | Crear | Skirmisher |
| 22:24 | Construir | Archery Range |
| 22:37 | Crear | Militia |
| 22:38 | Crear | Militia |
| 22:45 | Investigar | Gold Mining |
| 22:45 | Investigar | Stone Mining |
| 22:55 | Crear | Skirmisher |
| 22:55 | Crear | Skirmisher |
| 22:56 | Crear | Archer |
| 22:56 | Crear | Archer |
| 23:25 | Investigar | Horse Collar |
| 23:38 | Construir | House |
| 23:40 | Construir | House |
| 23:42 | Crear | Skirmisher |
| 23:42 | Crear | Skirmisher |
| 23:47 | Crear | Militia |
| 23:48 | Crear | Militia |
| 23:54 | Crear | Archer |
| 23:54 | Crear | Archer |
| 24:19 | Edad | Edad de los Castillos |
| 24:30 | Construir | Town Center |
| 24:41 | Crear | Knight |
| 24:41 | Crear | Knight |
Cronología de la partida
| 8:02 | 大哈巴犬 · first_building Barracks |
| 8:57 | JoseTezcaltlipoca · first_building Barracks |
| 10:01 | 大哈巴犬 · age_up feudal |
| 10:50 | JoseTezcaltlipoca · age_up feudal |
| 11:15 | 大哈巴犬 · first_building Archery Range |
| 14:13 | JoseTezcaltlipoca · first_market_sell 100 wood |
| 16:52 | 大哈巴犬 · wall_segment Stone Wall x4 |
| 17:59 | 大哈巴犬 · wall_segment Stone Wall x8 |
| 18:08 | JoseTezcaltlipoca · first_building Stable |
| 18:39 | 大哈巴犬 · wall_segment Stone Wall x11 |
| 19:43 | JoseTezcaltlipoca · first_building Archery Range |
| 20:14 | 大哈巴犬 · first_building Stable |
| 20:21 | 大哈巴犬 · age_up castle |
| 20:26 | JoseTezcaltlipoca · first_market_buy 100 food |
| 22:59 | 大哈巴犬 · wall_segment Stone Wall x7 |
| 24:19 | JoseTezcaltlipoca · age_up castle |
| 25:37 | 大哈巴犬 · resign |
[ ANÁLISIS IA · 1 CRÉDITO ]
¿Qué pasó realmente en esta partida?
Wolo.gg analiza cada decisión: build order, eco, micro, errores típicos por bracket. Análisis personalizado por WhatsApp o Discord en 30 segundos.
Guía civ
Japoneses
Guía mapa
Gold Rush
Perfil
大哈巴犬